 Dungeon Crawl Stone Soup version 0.30.0-21-gd299b56b3f (webtiles) character file.

Game seed: 9346071785320923169

16180 qw the Cleaver (level 12, -5/77 HPs)
             Began as a Gargoyle Fighter on June 2, 2023.
             Was an Elder of Okawaru.
             Shot with an arrow by Nessos (15 damage)
             ... on level 3 of the Lair of Beasts.
             The game lasted 00:07:01 (12194 turns).

qw the Cleaver (Gargoyle Fighter)                  Turns: 12194, Time: 00:07:02

Health: -5/77      AC: 33    Str: 24    XL:     12   Next: 34%
Magic:  12/18      EV:  9    Int:  8    God:    Okawaru [****..]
Gold:   373        SH:  6    Dex:  9    Spells: 11/11 levels left

rFire   + . .        Y - +1 war axe (vamp)
rCold   . . .        c - +0 buckler
rNeg    + . .        i - +0 plate armour
rPois   inf          s - +2 helmet
rElec   +            e - +0 cloak
rCorr   +            (no gloves)
SInv    .            q - +1 pair of boots
Will    .....        (no amulet) Stlth
                     g - ring of protection from fire
HPRegen 1.12/turn    u - ring of resist corrosion
MPRegen 0.16/turn

%: no passive effects
@: about to teleport, heroic, finesse-ful
A: sickness immunity, AC +8, negative energy resistance 1, electricity
resistance, torment resistance 1, petrification resistance, dopey 1,
regeneration 1
a: Renounce Religion, Heroism, Finesse


You were on level 3 of the Lair of Beasts.
You worshipped Okawaru.
Okawaru was greatly pleased with you.
You visited 3 branches of the dungeon, and saw 14 of its levels.
You also visited: Sewer.

You collected 811 gold pieces.
You spent 438 gold pieces at shops.


Innate Abilities, Weirdness & Mutations

You are immune to sickness and miasma.
Your stone body is resilient. (AC +8)
You are immune to poison.
You resist negative energy. (rN+)
You are resistant to electric shocks. (rElec)
You are resistant to unholy torment.
You are immune to petrification.
You are dopey. (Int -2)
Your natural rate of healing is unusually fast.


   Skills:
 - Level 10.0(15.0) Fighting
 + Level 12.2(17.2) Axes
 - Level 1.2(6.2) Throwing
 - Level 9.0(14.0) Armour
 - Level 2.1(7.1) Dodging
 - Level 6.2(11.2) Shields
 + Level 8.4 Invocations


You had 11 spell levels left.
You didn't know any spells.
Your spell library was empty.

Inventory:

Hand Weapons
 k - a +0 demon whip of venom
 Y - a +1 vampiric war axe (weapon)
Missiles
 t - 8 boomerangs (quivered)
Armour
 c - a +0 buckler (worn)
 e - a +0 cloak (worn)
 i - a +0 plate armour (worn)
 o - a +0 chain mail of fire resistance
 q - a +1 pair of boots (worn)
 s - a +2 helmet (worn)
 v - +0 acid dragon scales
Jewellery
 g - a ring of protection from fire (left hand)
 h - a ring of fire
 u - a ring of resist corrosion (right hand)
Wands
 l - a wand of digging (6)
Scrolls
 f - 5 scrolls of identify
 x - a scroll of brand weapon
Potions
 a - a potion of heal wounds
 b - 8 potions of curing
 d - a potion of might
 j - 2 potions of attraction
 m - 3 potions of lignification
 n - 3 potions of haste
 r - 2 potions of mutation
 w - a potion of magic

Dungeon Overview and Level Annotations

Branches:
Dungeon (10/15)            Temple (1/1) D:5            Lair (3/5) D:10
  Swamp (0/4) Lair:2        Snake (0/4) Lair:2        Sewer (visited)
    Orc: D:9-12

Altars:
Ashenzari
Cheibriados
Dithmenos
Elyvilon
Fedhas
Gozag
Hepliaklqana
Kikubaaqudgha
Makhleb
Nemelex Xobeh
Okawaru
Qazlal
Ru
Sif Muna
Trog
Uskayaw
Vehumet
Wu Jian
Xom
Yredelemnul
Zin
The Shining One

Shops:
D:2 :   D:3 =   D:8 *

Annotations:
D:3 3 runed translucent doors, qw's ghost, amateur GrFi
Lair:3 Nessos


Message History

Nessos hits you but does no damage. Nessos kicks you but does no damage.
You slash Nessos!
Nessos is moderately wounded.
Nessos hits you but does no damage. Nessos completely misses you.
You hit Nessos but do no damage.
Nessos is moderately wounded.
Nessos hits you. Nessos kicks you but does no damage.
You slash Nessos!
You feel better.
Nessos is heavily wounded.
Nessos hits you but does no damage. Nessos closely misses you.
You hit Nessos.
You feel better.
Nessos is heavily wounded.
Nessos hits you but does no damage. You block Nessos's attack.
You hit Nessos but do no damage.
Nessos is heavily wounded.
You block Nessos's attack. Nessos kicks you but does no damage.
You closely miss Nessos.
Nessos is heavily wounded.
Nessos casts a spell.
Nessos blinks!
Nessos intently looks at you, slowly moving their tail.
Nessos wields a +3 longbow of flaming.
It bursts into flame!
Nessos shoots an arrow.
The arrow closely misses you.
Nessos shoots an arrow.
The arrow hits you! The arrow burns you.
Nessos mumbles some strange words.
Nessos blinks!
Nessos mumbles some strange words.
Nessos blinks!
Nessos shoots an arrow.
The arrow barely misses you.
Nessos shoots an arrow.
You block the arrow.
Nessos shoots an arrow.
The arrow hits you.
Nessos shoots an arrow.
The arrow hits you! The arrow burns you.
Nessos shoots an arrow.
The arrow hits you but does no damage.
You see here a scroll of identify.
Nessos shoots an arrow.
The arrow hits you!!
12194 ||| READING scroll of teleportation.
As you read the scroll of teleportation, it crumbles to dust.
You feel strangely unstable.
Nessos shoots an arrow.
The arrow hits you!
You die...

................#
#...............##
#.<.........!...#
##.[.............#P.#
#.....................
#.............(.......
##...............#.#..
#.........?.....#### #
...#...?.@..(.>##
).#...%.......##
......[<.....##
..#....c.....#
....#..####### ... ###
.. .


You could see Nessos (fast).

Vanquished Creatures
  Snorg (Lair:3)
  A fire dragon (D:10)
  Erica (D:9)
  A boulder beetle (D:10)
  Amaemon (Lair:1)
  2 skysharks (Lair:2)
  An ugly thing (D:8)
  An oklob plant (Lair:3)
  Joseph (D:8)
  A black mamba (Lair:1)
  An orange demon (Lair:1)
  A cane toad (Lair:1)
  4 komodo dragons
  2 kobold demonologists (D:9)
  A tyrant leech (Lair:2)
  4 trolls
  Prince Ribbit (D:8)
  14 yaks
  2 basilisks (Lair:2)
  2 acid dragons
  5 water moccasins
  Duvessa (D:7)
  An orc warrior (D:8)
  A black bear (D:4)
  2 sky beasts
  3 wolves (Lair:2)
  An ogre (D:5)
  5 centaurs
  2 phantoms
  3 kobold brigands (D:9)
  Blork the orc (D:4)
  8 bullfrogs
  A gnoll sergeant (D:10)
  4 scorpions
  3 wights (D:7)
  Dowan (D:7)
  11 killer bees (D:10)
  A crimson imp (D:4)
  7 howler monkeys
  A gnoll bouda (D:8)
  6 jellies
  2 hounds (D:6)
  Ijyb (D:3)
  4 iguanas
  7 orc wizards
  7 adders
  16 gnolls
  3 river rats (Sewer)
  A shadow imp (D:7)
  2 white imps
  4 ufetubi
  A worm (D:6)
  A dart slug (D:2)
  22 orcs
  10 bats
  14 endoplasms
  4 giant cockroaches
  10 goblins
  3 hobgoblins
  2 jackals (D:1)
  4 quokkas
  20 ball pythons
  5 frilled lizards
  9 kobolds
  9 rats
272 creatures vanquished.

Notes
Turn   | Place    | Note
-------+----------+-------------------------------------------
     0 | D:1      | qw the Gargoyle Fighter began the quest for the Orb.
     0 | D:1      | Reached XP level 1. HP: 14/14 MP: 1/1
     0 | D:1      | 0 ||| qw: Version: 0.2-a-102-gdf20003
     0 | D:1      | 0 ||| qw: Game counter: 864
     0 | D:1      | 0 ||| qw: Always use a shield: true
     0 | D:1      | 0 ||| qw: God list: Okawaru
     0 | D:1      | 0 ||| qw: Allow faded altars: false
     0 | D:1      | 0 ||| qw: Do Orc after D:15 true
     0 | D:1      | 0 ||| qw: Do second Lair branch before Depths: true
     0 | D:1      | 0 ||| qw: Lair rune preference: random
     0 | D:1      | 0 ||| qw: Plans: Normal, Zot:1-4, Slime:5, God:TSO, Crypt,
                  | Tomb, Pan, Hells, Abyss, Win
     0 | D:1      | 0 ||| PLANNING D:1-11
    39 | D:1      | HP: 1/14 [frozen (4)]
    40 | D:1      | Reached skill level 2 in Axes
   141 | D:1      | Reached XP level 2. HP: 19/19 MP: 2/2
   233 | D:1      | 233 ||| UPGRADING to ring of protection from fire.
   534 | D:1      | Reached skill level 3 in Axes
   725 | D:1      | Reached XP level 3. HP: 23/23 MP: 3/3
  1025 | D:1      | 1025 ||| READING scroll labelled XURURA SEONESE.
  1026 | D:1      | 1026 ||| READING scroll labelled GAUTIE LIRR.
  1027 | D:1      | 1027 ||| DRINKING 2 fuming pink potions.
  1273 | D:2      | Found an ancient bone altar of Kikubaaqudgha.
  1276 | D:2      | 1276 ||| Stepping ~*~*~tactically~*~*~ (stealth).
  1291 | D:2      | Reached XP level 4. HP: 14/28 MP: 4/4
  1351 | D:2      | 1351 ||| DROPPING +0 mace.
  1503 | D:2      | Reached skill level 4 in Axes
  1796 | D:2      | Found Wapturue's Book Emporium.
  1962 | D:2      | 1962 ||| READING 2 scrolls labelled VUPIUN ERASAK.
  1963 | D:2      | 1963 ||| READING scroll labelled UPEARCH WORA.
  1964 | D:2      | 1964 ||| DRINKING 2 pink potions.
  2033 | D:3      | Found a runed translucent gate.
  2034 | D:3      | Found a runed translucent gate.
  2035 | D:3      | Found a runed translucent gate.
  2060 | D:3      | Found Sug Lati's Jewellery Boutique.
  2151 | D:3      | 2151 ||| DRINKING potion of curing.
  2151 | D:3      | 2151 ||| (to cure confusion)
  2159 | D:3      | Reached XP level 5. HP: 15/32 MP: 5/5
  2230 | D:3      | 2230 ||| DROPPING +1 whip of draining.
  2285 | D:3      | 2285 ||| SHOPLISTING amulet of faith (400 gold, have 96).
  2285 | D:3      | 2285 ||| SHOPLISTING amulet of guardian spirit (300 gold,
                  | have 96).
  2285 | D:3      | 2285 ||| SHOPLISTING amulet of the acrobat (300 gold, have
                  | 96).
  2285 | D:3      | 2285 ||| SHOPLISTING ring of Hepliaklqana, Feeding {rElec
                  | Will+ Int+6 Stlth-} (542 gold, have 96).
  2285 | D:3      | 2285 ||| SHOPLISTING ring of ice (250 gold, have 96).
  2382 | D:3      | Noticed Ijyb
  2383 | D:3      | 2383 ||| Stepping ~*~*~tactically~*~*~ (hiding).
  2387 | D:3      | 2387 ||| Stepping ~*~*~tactically~*~*~ (hiding).
  2396 | D:3      | 2396 ||| DRINKING potion of curing.
  2396 | D:3      | 2396 ||| (to cure confusion)
  2402 | D:3      | Killed Ijyb
  2403 | D:3      | Reached skill level 5 in Axes
  2528 | D:3      | Noticed qw's ghost (amateur GrFi)
  2530 | D:3      | 2530 ||| UPGRADING to +0 chain mail of fire resistance.
  2540 | D:3      | 2540 ||| DROPPING +0 scale mail.
  2541 | D:3      | 2541 ||| READING scroll labelled PEMULU CING.
  2542 | D:3      | 2542 ||| READING scroll labelled XAQILI VOOQY.
  2592 | D:3      | 2592 ||| DRINKING 2 fizzy silvery potions.
  2592 | D:3      | Gained mutation: Armour fits poorly on your strangely
                  | shaped body. [potion of mutation]
  2592 | D:3      | Gained mutation: You occasionally lose the ability to read
                  | scrolls when taking damage. [potion of mutation]
  2593 | D:3      | 2593 ||| DRINKING potion of mutation.
  2593 | D:3      | Lost mutation: You occasionally lose the ability to read
                  | scrolls when taking damage. [potion of mutation]
  2593 | D:3      | Lost mutation: Armour fits poorly on your strangely shaped
                  | body. [potion of mutation]
  2593 | D:3      | Gained mutation: You are dopey. (Int -2) [potion of
                  | mutation]
  2593 | D:3      | Gained mutation: Your muscles are strong. (Str +4, Int/Dex
                  | -1) [potion of mutation]
  2593 | D:3      | Lost mutation: Your muscles are strong. (Str +4, Int/Dex
                  | -1) [potion of mutation]
  2593 | D:3      | Gained mutation: Your natural rate of healing is unusually
                  | fast. [potion of mutation]
  2594 | D:3      | 2594 ||| READING 3 scrolls of identify.
  2594 | D:3      | 2594 ||| IDENTIFYING sedimented yellow potion
  2595 | D:3      | 2595 ||| READING 2 scrolls of identify.
  2595 | D:3      | 2595 ||| IDENTIFYING ruby potion
  2596 | D:3      | 2596 ||| DROPPING potion of berserk rage.
  2597 | D:3      | 2597 ||| DROPPING potion of invisibility.
  2648 | D:4      | Noticed a black bear
  2658 | D:4      | Killed a black bear
  2659 | D:4      | Reached XP level 6. HP: 39/39 MP: 6/6
  2806 | D:4      | 2806 ||| READING scroll of enchant weapon.
  2806 | D:4      | 2806 ||| ENCHANTING +1 war axe.
  2894 | D:4      | Identified the +2 leather armour of the Mantidfly {*Corrode
                  | rF++ Stlth+}
  2953 | D:4      | Found an opulent altar of Gozag.
  3014 | D:4      | Noticed Blork the orc
  3025 | D:4      | Killed Blork the orc
  3233 | D:4      | Reached skill level 6 in Axes
  3233 | D:4      | Reached XP level 7. HP: 44/44 MP: 7/7
  3349 | D:4      | Reached skill level 1 in Dodging
  3530 | D:4      | 3530 ||| UPGRADING to +0 plate armour.
  3540 | D:4      | 3540 ||| DROPPING ring of magical power.
  3541 | D:4      | 3541 ||| READING scroll labelled MUMEJE KITROZIU.
  3542 | D:4      | 3542 ||| READING 2 scrolls labelled VICAN WIUL.
  3543 | D:4      | 3543 ||| READING 3 scrolls of identify.
  3543 | D:4      | 3543 ||| IDENTIFYING red potion
  3544 | D:4      | 3544 ||| READING 2 scrolls of identify.
  3544 | D:4      | 3544 ||| IDENTIFYING metallic red potion
  3545 | D:4      | 3545 ||| DROPPING potion of ambrosia.
  3546 | D:4      | 3546 ||| DROPPING scroll of fear.
  3608 | D:5      | Entered Level 5 of the Dungeon
  3727 | D:5      | Found a staircase to the Ecumenical Temple.
  3728 | D:5      | 3728 ||| PLANNING TEMPLE
  3728 | D:5      | 3728 ||| READING scroll labelled XOYKHL PEIMUSM.
  3729 | D:5      | 3729 ||| READING scroll labelled FIJISOMOPE.
  3782 | D:5      | 3782 ||| Stepping ~*~*~tactically~*~*~ (stealth).
  3787 | D:5      | 3787 ||| Stepping ~*~*~tactically~*~*~ (stealth).
  3809 | Temple   | Entered the Ecumenical Temple
  3836 | Temple   | 3836 ||| PLANNING OKAWARU WORSHIP
  3953 | Temple   | Became a worshipper of Warmaster Okawaru
  3953 | Temple   | 3953 ||| PLANNING D:1-11
  4011 | D:5      | Found a basalt altar of Yredelemnul.
  4159 | D:5      | Identified the +1 dagger of Korawkuv {spect, rC- Dex+5
                  | SInv}
  4326 | D:5      | Reached skill level 7 in Axes
  4445 | D:5      | Reached XP level 8. HP: 48/48 MP: 8/8
  4769 | D:5      | 4769 ||| DROPPING orb of mayhem.
  4772 | D:5      | 4772 ||| READING 2 scrolls of identify.
  4772 | D:5      | 4772 ||| IDENTIFYING puce potion
  4799 | D:6      | 4799 ||| PLANNING SEWER
  4799 | D:6      | 4799 ||| Stepping ~*~*~tactically~*~*~ (hiding).
  4800 | D:6      | 4800 ||| Stepping ~*~*~tactically~*~*~ (hiding).
  4806 | D:6      | 4806 ||| STAIRDANCE
  4853 | D:6      | 4853 ||| STAIRDANCE
  4865 | D:6      | 4865 ||| STAIRDANCE
  4889 | D:6      | 4889 ||| STAIRDANCE
  4957 | D:6      | Found a white marble altar of Elyvilon.
  4997 | D:6      | Found a shadowy altar of Dithmenos.
  5117 | D:6      | Found a glowing drain.
  5143 | Sewer    | Entered a sewer
  5324 | Sewer    | Found a shimmering altar of Xom.
  5325 | Sewer    | 5325 ||| Stepping ~*~*~tactically~*~*~ (water).
  5328 | Sewer    | Reached * piety under Okawaru
  5329 | Sewer    | 5329 ||| INVOKING Heroism.
  5551 | Sewer    | 5551 ||| READING 2 scrolls labelled XAASCH ZURIST.
  5552 | Sewer    | 5552 ||| DRINKING 4 amethyst potions.
  5553 | Sewer    | 5553 ||| READING 3 scrolls of identify.
  5553 | Sewer    | 5553 ||| IDENTIFYING golden potion
  5554 | Sewer    | 5554 ||| DROPPING potion of brilliance.
  5555 | Sewer    | 5555 ||| DROPPING scroll of vulnerability.
  5577 | D:6      | 5577 ||| PLANNING D:1-11
  5631 | D:6      | Reached skill level 8 in Axes
  5631 | D:6      | Reached skill level 1 in Invocations
  5671 | D:6      | 5671 ||| UPGRADING to +0 pair of boots.
  5703 | D:6      | 5703 ||| READING scroll of enchant armour.
  5703 | D:6      | 5703 ||| ENCHANTING +0 pair of boots.
  5709 | D:6      | 5709 ||| READING scroll labelled RULIGA TYB OSA.
  5716 | D:6      | 5716 ||| Stepping ~*~*~tactically~*~*~ (stealth).
  5803 | D:6      | 5803 ||| UPGRADING to +0 helmet.
  5855 | D:6      | 5855 ||| Stepping ~*~*~tactically~*~*~ (hiding).
  5868 | D:6      | Reached skill level 3 in Invocations
  6032 | D:6      | Noticed a yak
  6038 | D:6      | Noticed a yak
  6039 | D:6      | Noticed a yak
  6053 | D:6      | Killed a yak
  6054 | D:6      | Reached XP level 9. HP: 55/55 MP: 11/11
  6060 | D:6      | Reached ** piety under Okawaru
  6064 | D:6      | Reached skill level 6 in Fighting
  6260 | D:7      | 6260 ||| Stepping ~*~*~tactically~*~*~ (stealth).
  6278 | D:7      | Noticed Dowan
  6279 | D:7      | 6279 ||| INVOKING Heroism.
  6285 | D:7      | Killed Dowan
  6301 | D:7      | 6301 ||| Stepping ~*~*~tactically~*~*~ (stealth).
  6313 | D:7      | Noticed Duvessa
  6314 | D:7      | 6314 ||| INVOKING Heroism.
  6326 | D:7      | Killed Duvessa
  6355 | D:6      | Found a snail-covered altar of Cheibriados.
  6355 | D:6      | Found a glowing golden altar of the Shining One.
  6595 | D:7      | 6595 ||| Stepping ~*~*~tactically~*~*~ (stealth).
  6683 | D:7      | 6683 ||| INVOKING Heroism.
  6913 | D:7      | 6913 ||| DRINKING 2 metallic green potions.
  7055 | D:7      | 7055 ||| Stepping ~*~*~tactically~*~*~ (stealth).
  7167 | D:7      | 7167 ||| READING 3 scrolls of identify.
  7167 | D:7      | 7167 ||| IDENTIFYING murky sapphire potion
  7245 | D:7      | 7245 ||| DROPPING potion of flight.
  7250 | D:7      | 7250 ||| DROPPING potion of degeneration.
  7292 | D:8      | 7292 ||| Stepping ~*~*~tactically~*~*~ (stealth).
  7294 | D:8      | 7294 ||| Stepping ~*~*~tactically~*~*~ (hiding).
  7310 | D:8      | Reached skill level 9 in Axes
  7343 | D:8      | Noticed Joseph
  7361 | D:8      | Killed Joseph
  7402 | D:8      | Found Mustro Karost's Assorted Antiques.
  7402 | D:8      | Noticed Prince Ribbit
  7403 | D:8      | 7403 ||| INVOKING Heroism.
  7411 | D:8      | Killed Prince Ribbit
  7412 | D:8      | Reached skill level 6 in Armour
  7412 | D:8      | 7412 ||| Stepping ~*~*~tactically~*~*~ (stealth).
  7412 | D:8      | Noticed a troll
  7413 | D:8      | 7413 ||| Stepping ~*~*~tactically~*~*~ (stealth).
  7414 | D:8      | 7414 ||| Stepping ~*~*~tactically~*~*~ (hiding).
  7420 | D:8      | 7420 ||| INVOKING Heroism.
  7421 | D:8      | Killed a troll
  7434 | D:8      | 7434 ||| Stepping ~*~*~tactically~*~*~ (stealth).
  7436 | D:8      | 7436 ||| Stepping ~*~*~tactically~*~*~ (stealth).
  7455 | D:8      | 7455 ||| BUYING glowing mace (174 gold).
  7455 | D:8      | Bought a glowing mace for 174 gold pieces
  7455 | D:8      | 7455 ||| BUYING potion of curing (87 gold).
  7455 | D:8      | Bought a potion of curing for 87 gold pieces
  7455 | D:8      | 7455 ||| SHOPLISTING scroll of enchant armour (217 gold,
                  | have 195).
  7455 | D:8      | 7455 ||| BUYING scroll of teleportation (87 gold).
  7455 | D:8      | Bought a scroll of teleportation for 87 gold pieces
  7455 | D:8      | 7455 ||| DROPPING +0 heavy mace.
  7476 | D:8      | 7476 ||| INVOKING Heroism.
  7537 | D:8      | Noticed a white ugly thing
  7540 | D:8      | 7540 ||| INVOKING Heroism.
  7554 | D:8      | 7554 ||| INVOKING Heroism.
  7557 | D:8      | Killed a white ugly thing
  7558 | D:8      | Reached XP level 10. HP: 30/63 MP: 10/13
  7584 | D:8      | Reached skill level 10 in Axes
  7608 | D:8      | 7608 ||| Stepping ~*~*~tactically~*~*~ (stealth).
  7610 | D:8      | 7610 ||| Stepping ~*~*~tactically~*~*~ (stealth).
  7613 | D:8      | 7613 ||| Stepping ~*~*~tactically~*~*~ (stealth).
  7618 | D:8      | 7618 ||| INVOKING Heroism.
  7621 | D:8      | Reached skill level 1 in Throwing
  7637 | D:8      | HP: 14/64 [yak (10)]
  7638 | D:8      | 7638 ||| READING 3 scrolls of teleportation.
  7638 | D:8      | HP: 3/64 [yak (4)]
  7639 | D:8      | 7639 ||| DRINKING potion of heal wounds.
  7666 | D:8      | 7666 ||| Stepping ~*~*~tactically~*~*~ (stealth).
  7751 | D:8      | Found a flagged portal.
  7758 | D:8      | 7758 ||| Stepping ~*~*~tactically~*~*~ (stealth).
  7761 | D:8      | 7761 ||| Stepping ~*~*~tactically~*~*~ (hiding).
  7763 | D:8      | 7763 ||| Stepping ~*~*~tactically~*~*~ (hiding).
  7766 | D:8      | 7766 ||| Stepping ~*~*~tactically~*~*~ (hiding).
  7767 | D:8      | 7767 ||| Stepping ~*~*~tactically~*~*~ (hiding).
  7768 | D:8      | 7768 ||| Stepping ~*~*~tactically~*~*~ (hiding).
  7831 | D:8      | 7831 ||| Stepping ~*~*~tactically~*~*~ (stealth).
  8111 | D:8      | 8111 ||| UPGRADING to ring of resist corrosion.
  8112 | D:8      | 8112 ||| READING 2 scrolls labelled QITHEMU ITIXIGIPP.
  8113 | D:8      | 8113 ||| DROPPING scroll of magic mapping.
  8154 | D:9      | 8154 ||| INVOKING Heroism.
  8232 | D:9      | 8232 ||| Stepping ~*~*~tactically~*~*~ (hiding).
  8241 | D:9      | Reached *** piety under Okawaru
  8246 | D:9      | Found a blossoming altar of Fedhas.
  8257 | D:9      | Found Zin's Purification Station.
  8262 | D:9      | Found a glowing silver altar of Zin.
  8265 | D:9      | 8265 ||| BUYING potion of curing (90 gold).
  8265 | D:9      | Bought a potion of curing for 90 gold pieces
  8271 | D:9      | Noticed Erica
  8272 | D:9      | 8272 ||| INVOKING Heroism.
  8290 | D:9      | 8290 ||| INVOKING Heroism.
  8294 | D:9      | HP: 9/64 [something (12)]
  8295 | D:9      | 8295 ||| READING 3 scrolls of teleportation.
  8296 | D:9      | 8296 ||| DRINKING potion of heal wounds.
  8479 | D:9      | 8479 ||| Stepping ~*~*~tactically~*~*~ (stealth).
  8481 | D:9      | 8481 ||| INVOKING Heroism.
  8486 | D:9      | 8486 ||| DRINKING 8 potions of curing.
  8486 | D:9      | 8486 ||| (to cure confusion)
  8491 | D:9      | Killed Erica
  8536 | D:9      | Reached skill level 11 in Axes
  8542 | D:9      | 8542 ||| INVOKING Heroism.
  8570 | D:9      | Noticed a kobold demonologist
  8571 | D:9      | 8571 ||| Stepping ~*~*~tactically~*~*~ (hiding).
  8579 | D:9      | Noticed an orange demon
  8585 | D:9      | Noticed a kobold demonologist
  8595 | D:9      | Killed a kobold demonologist
  8596 | D:9      | Reached skill level 9 in Fighting
  8596 | D:9      | Reached XP level 11. HP: 71/71 MP: 14/14
  8608 | D:9      | 8608 ||| INVOKING Heroism.
  8949 | D:9      | 8949 ||| UPGRADING to +1 helmet.
  8959 | D:9      | 8959 ||| DROPPING +0 helmet.
  8988 | D:10     | Entered Level 10 of the Dungeon
  9020 | D:10     | 9020 ||| Stepping ~*~*~tactically~*~*~ (hiding).
  9025 | D:10     | 9025 ||| Stepping ~*~*~tactically~*~*~ (hiding).
  9051 | D:10     | 9051 ||| SWAPPING to +1 war axe of freezing.
  9052 | D:10     | 9052 ||| DROPPING +2 war axe.
  9098 | D:10     | 9098 ||| Stepping ~*~*~tactically~*~*~ (hiding).
  9108 | D:10     | 9108 ||| Stepping ~*~*~tactically~*~*~ (hiding).
  9161 | D:10     | Found a staircase to the Lair.
  9174 | D:10     | 9174 ||| Stepping ~*~*~tactically~*~*~ (hiding).
  9177 | D:10     | 9177 ||| Stepping ~*~*~tactically~*~*~ (hiding).
  9178 | D:10     | 9178 ||| Stepping ~*~*~tactically~*~*~ (hiding).
  9251 | D:10     | 9251 ||| Stepping ~*~*~tactically~*~*~ (stealth).
  9265 | D:10     | 9265 ||| Stepping ~*~*~tactically~*~*~ (hiding).
  9395 | D:10     | Noticed a boulder beetle
  9396 | D:10     | 9396 ||| INVOKING Heroism.
  9414 | D:10     | 9414 ||| INVOKING Heroism.
  9448 | D:10     | Killed a boulder beetle
  9448 | D:10     | Reached **** piety under Okawaru
  9626 | D:10     | 9626 ||| INVOKING Heroism.
  9670 | D:10     | Found an ancient bone altar of Kikubaaqudgha.
  9671 | D:10     | Found a shimmering blue altar of Sif Muna.
  9673 | D:10     | Found a radiant altar of Vehumet.
  9692 | D:10     | Found a broken altar of Ashenzari.
  9949 | D:10     | Noticed a fire dragon
  9950 | D:10     | 9950 ||| INVOKING Heroism.
  9969 | D:10     | 9969 ||| INVOKING Heroism.
  9971 | D:10     | Killed a fire dragon
  9972 | D:10     | Reached skill level 12 in Axes
 10132 | D:10     | 10132 ||| INVOKING Heroism.
 10224 | D:10     | 10224 ||| PLANNING LAIR
 10224 | D:10     | 10224 ||| READING scroll labelled GYSTRAE YGUUHEO.
 10225 | D:10     | 10225 ||| READING 5 scrolls of identify.
 10225 | D:10     | 10225 ||| IDENTIFYING bubbling pink potion
 10260 | Lair:1   | Entered Level 1 of the Lair of Beasts
 10261 | Lair:1   | 10261 ||| INVOKING Heroism.
 10276 | Lair:1   | Reached skill level 6 in Shields
 10362 | Lair:1   | Noticed Amaemon
 10363 | Lair:1   | 10363 ||| Stepping ~*~*~tactically~*~*~ (hiding).
 10364 | Lair:1   | 10364 ||| Stepping ~*~*~tactically~*~*~ (hiding).
 10366 | Lair:1   | 10366 ||| Stepping ~*~*~tactically~*~*~ (hiding).
 10368 | Lair:1   | 10368 ||| INVOKING Heroism.
 10386 | Lair:1   | 10386 ||| INVOKING Heroism.
 10398 | Lair:1   | Killed Amaemon
 10414 | Lair:1   | 10414 ||| DROPPING +0 flail.
 10502 | Lair:1   | 10502 ||| READING scroll of enchant armour.
 10502 | Lair:1   | 10502 ||| ENCHANTING +1 helmet.
 10546 | Lair:1   | 10546 ||| INVOKING Heroism.
 10562 | Lair:1   | Reached skill level 6 in Invocations
 11065 | Lair:2   | Noticed a skyshark
 11084 | Lair:2   | Killed a skyshark
 11085 | Lair:2   | Reached skill level 9 in Armour
 11115 | Lair:2   | Reached ***** piety under Okawaru
 11174 | Lair:2   | Noticed a skyshark
 11183 | Lair:2   | 11183 ||| INVOKING Heroism.
 11187 | Lair:2   | Killed a skyshark
 11188 | Lair:2   | Reached XP level 12. HP: 65/76 MP: 14/17
 11255 | Lair:2   | 11255 ||| INVOKING Heroism.
 11288 | Lair:2   | Found a staircase to the Snake Pit.
 11347 | Lair:2   | 11347 ||| Stepping ~*~*~tactically~*~*~ (hiding).
 11459 | Lair:2   | 11459 ||| Stepping ~*~*~tactically~*~*~ (stealth).
 11656 | Lair:2   | Found a staircase to the Swamp.
 11692 | Lair:2   | 11692 ||| INVOKING Heroism.
 11692 | Lair:2   | HP: 16/77 [tyrant leech (21)]
 11693 | Lair:2   | 11693 ||| READING 2 scrolls of teleportation.
 11694 | Lair:2   | 11694 ||| DRINKING 2 potions of heal wounds.
 11932 | Lair:2   | 11932 ||| UPGRADING to +0 cloak.
 11950 | Lair:3   | Noticed Snorg
 11951 | Lair:3   | 11951 ||| INVOKING Heroism.
 11952 | Lair:3   | 11952 ||| INVOKING Finesse.
 11978 | Lair:3   | Killed Snorg
 12023 | Lair:3   | 12023 ||| FLEEEEING.
 12025 | Lair:3   | 12025 ||| STAIRDANCE
 12131 | Lair:3   | 12131 ||| FLEEEEING.
 12133 | Lair:3   | 12133 ||| STAIRDANCE
 12143 | Lair:3   | 12143 ||| INVOKING Heroism.
 12144 | Lair:3   | 12144 ||| INVOKING Finesse.
 12145 | Lair:3   | Noticed Nessos
 12179 | Lair:3   | 12179 ||| INVOKING Finesse.
 12193 | Lair:3   | HP: 9/77 [Nessos/arrow (21)]
 12194 | Lair:3   | 12194 ||| READING scroll of teleportation.
 12194 | Lair:3   | Shot with an arrow by Nessos

Levels and vault maps discovered:
D:1:      psy_arrival_heroes, layout_loops_ring, chequers_avenue
D:2:      layout_basic, basic_altar, serial_shops, shop_fountains
D:3:      layout_rooms, gammafunk_ghost_necromancy, serial_shops,
          nicolae_shop_tiny_waterfront, uniq_ijyb
D:4:      layout_basic, nicolae_gozag_cash_rules_everything_around_me,
          minmay_fire_ice_demons, uniq_blork_the_orc
D:5:      layout_loops_corners, general_overflow_altar,
          minmay_temple_entry_drinking_statues
D:6:      minmay_inner_zag, layout_loops_cross,
          mainiacjoe_overflow_small_starburst, mainiacjoe_overflow_chevrons,
          nicolae_overflow_hidden_temple, portal_sewer_entry_a,
          minmay_hedge_maze
D:7:      layout_loops_corners, serial_demonic, serial_demonic_f,
          serial_demonic_g, serial_demonic_e, serial_demonic_a, centaur_isle,
          uniq_duvessa
D:8:      layout_loops_ring, enter_bailey_5, serial_shops,
          nicolae_shop_advertising_works [nicolae_subvault_shop_adworks],
          minmay_chambers_of_fives, uniq_prince_ribbit1, uniq_joseph
D:9:      layout_loops_ring, zin_purify, fedhas_altar_3, uniq_erica
D:10:     dragon1_lemuel, layout_loops_ring,
          grunt_temple_overflow_magic_moments, nicolae_ashenzari_skybound,
          lair_entry_dummy
Temple:   hellmonk_temple_beads
Lair:1:   layout_gridlike, uniq_amaemon
Lair:2:   layout_misc_corridors, minmay_swamp_entry_worms, dummy_snake_entry
Lair:3:   layout_cave_pods, uniq_nessos, uniq_rupert, uniq_snorg

Skill      XL: |  1  2  3  4  5  6  7  8  9 10 11 12 |
---------------+-------------------------------------+-----
Axes           | 2 3 4 5 6 7 8 9 11 12 | 12.2
Fighting       | 4 5 7 9 10 | 10.0
Dodging        | 1 2 |  2.1
Armour         | 4 6 7 9 |  9.0
Invocations    | 3 4 7 8 |  8.4
Shields        | 5 6 |  6.2
Throwing       | 1 |  1.2

Action                     |  1- 3 |  4- 6 |  7- 9 | 10-12 || total
---------------------------+-------+-------+-------+-------++-------
  Melee: War axe           |   105 |   150 |   382 |   618 ||  1255
  Throw: Boomerang         |       |       |       |    73 ||    73
 Invoke: Heroism           |       |       |     9 |    22 ||    31
         Finesse           |       |       |       |     3 ||     3
    Use: Scroll            |     2 |     7 |    12 |     8 ||    29
         Potion            |     1 |     5 |     2 |     4 ||    12
 Armour: Scale mail        |    50 |    56 |       |       ||   106
         Chain mail        |       |    37 |    24 |       ||    61
         Plate armour      |       |       |   214 |   462 ||   676
  Dodge: Dodged            |    39 |    54 |   110 |   231 ||   434
  Block: Buckler           |    13 |    16 |    78 |   165 ||   272

Table legend:
 A = Non-vault XP
 B = Vault XP
 C = Vault XP percentage of total XP
 D = Non-vault monster count
 E = Vault monster count
 F = Vault count percentage of total count
                 A         B        C        D         E       F
            +---------+---------+-------+---------+---------+-------
      Total |   15911 |    7204 |  31.2 |     208 |      64 |  23.5
            +---------+---------+-------+---------+---------+-------
        D:1 |      37 |       0 |   0.0 |      25 |       0 |   0.0
        D:2 |      79 |       0 |   0.0 |      25 |       0 |   0.0
        D:3 |      80 |      36 |  31.0 |      12 |       1 |   7.7
        D:4 |     423 |     159 |  27.3 |      18 |       3 |  14.3
        D:5 |     393 |       0 |   0.0 |      11 |       0 |   0.0
        D:6 |     903 |     402 |  30.8 |       9 |       9 |  50.0
        D:7 |     338 |     257 |  43.2 |       6 |       7 |  53.8
        D:8 |    1626 |    1902 |  53.9 |      25 |      11 |  30.6
        D:9 |    2391 |     850 |  26.2 |      20 |       1 |   4.8
       D:10 |    2476 |     913 |  26.9 |      29 |       1 |   3.3
     Lair:1 |    2184 |    1193 |  35.3 |       9 |       2 |  18.2
     Lair:2 |    3957 |     314 |   7.4 |      16 |       1 |   5.9
     Lair:3 |    1024 |     920 |  47.3 |       3 |       1 |  25.0
      Sewer |       0 |     258 | 100.0 |       0 |      27 | 100.0
            +---------+---------+-------+---------+---------+-------
